 Dungeon Crawl Stone Soup version 0.30-a0-571-gdf30a72648 (webtiles) character file.

Game seed: 15974843015533549863

172 Jase the Cudgeller (level 5, -2/44 HPs)
             Began as an Armataur Fighter on Dec 30, 2022.
             Slain by an orc warrior
             ... wielding a +0 dire flail
              (10 damage)
             ... on level 4 of the Dungeon.
             The game lasted 00:07:01 (2391 turns).

Jase the Cudgeller (Armataur Fighter)               Turns: 2391, Time: 00:07:02

Health: -2/44      AC:  8    Str: 23    XL:     5   Next: 27%
Magic:  5/5        EV:  7    Int:  8    God:
Gold:   140        SH:  0    Dex: 10    Spells: 4/4 levels left

rFire   . . .      SeeInvis .    a - +0 flail
rCold   . . .      Faith    .    (no shield)
rNeg    . . .      Spirit   .    b - +0 scale mail
rPois   .          Reflect  .    (no helmet)
rElec   .          Harm     .    s - +0 cloak
rCorr   .          Roll     +    (no gloves)
Will    .....                    (no barding) Stlth
                                 k - amulet of regeneration
HPRegen 1.07/turn                (no ring)
MPRegen 0.09/turn                (no ring)

@: no status effects
A: large, rugged brown scales 3, deformed body, armoured tail, roll, long
tongue, awkward tongue
a: no special abilities


You were on level 4 of the Dungeon.
You visited 1 branch of the dungeon, and saw 4 of its levels.

You collected 140 gold pieces.

Inventory:

Hand Weapons
 a - a +0 flail (weapon)
Missiles
 n - 8 atropa-tipped darts (quivered)
Armour
 b - a +0 scale mail (worn)
 s - a +0 cloak (worn)
Jewellery
 k - an amulet of regeneration (around neck)
 u - the ring "Buskotsiwn" {rC+ Int+4}
   (You found it on level 4 of the Dungeon)

   [ring of protection from cold]

   Int:       It affects your intelligence (+4).
   rC:        It protects you from cold.
Scrolls
 g - a scroll of summoning {unknown}
 h - a scroll of identify {unknown}
 i - a scroll of teleportation {unknown}
 j - 2 scrolls of enchant armour {unknown}
 l - 3 scrolls of fear {unknown}
 m - a scroll of poison {unknown}
 p - a scroll of brand weapon {unknown}
 q - 3 scrolls of blinking {unknown}
 r - a scroll of vulnerability {unknown}
 t - a scroll of magic mapping {unknown}
Potions
 c - 4 potions of curing {unknown}
 d - a potion of might
 e - 2 potions of haste {unknown}
 f - a potion of degeneration {unknown}
 o - a potion of heal wounds {unknown}


   Skills:
 - Level 2.6 Fighting
 + Level 5.1 Maces & Flails
 - Level 3.6 Armour
 - Level 3.2 Shields


You had 4 spell levels left.
You didn't know any spells.
Your spell library contained the following spells:

 Spells                   Type           Power      Damage    Failure   Level
 Magic Dart               Conj           0%         1d3       71%         1
 Searing Ray              Conj           0%         2d4       85%         2
 Frozen Ramparts          Ice            0%         1d1       97%         3
 Fulminant Prism          Conj/Hex       0%         3d5       100%        4
 Ice Form                 Ice/Tmut       0%         N/A       100%        4
 Summon Ice Beast         Ice/Summ       0%         N/A       100%        4


Dungeon Overview and Level Annotations

Branches:
Dungeon (4/15)
 Temple: D:4-7

Altars:
Hepliaklqana
Xom

Shops:
D:2 (

Annotations:
D:2 1 runed translucent door, Crazy Yiuf


Innate Abilities, Weirdness & Mutations

You are completely covered in rugged brown scales. (AC +3, +7% HP)
Armour fits poorly on your strangely shaped body.
You have a long armoured tail.
You roll when moving toward enemies. (Rampage)
Your long tongue fully drains potion bottles. (2x potion effects)
Your tongue gives you trouble enunciating. (1.5x scroll delay)


Message History

You are too confused!
You are too confused!
You bump into the rock wall.
An endoplasm comes into view.
You sock the orc wizard! Your punch misses the orc wizard.
The orc wizard is almost dead.
The orc wizard hits you but does no damage.
An orc warrior comes into view. It is wielding a +0 dire flail.
The orc wizard casts a spell.
The orc wizard flickers and vanishes!
Deactivating autopickup; reactivate with Ctrl-A.
You closely miss something. Something hits you but does no damage.
You bump into the rock wall.
You feel less confused. Something hits you but does no damage.
The orc warrior hits you with a +0 dire flail!
You hit the orc warrior.
The orc warrior is lightly wounded.
Something hits you but does no damage.
The orc warrior hits you with a +0 dire flail!
You closely miss something. Something hits you.
The orc warrior barely misses you.
You miss something. Something hits you but does no damage.
The orc warrior hits you with a +0 dire flail!
You hear some strange, mumbled words.
A puff of flame appears from out of thin air!
The puff of flame hits you. The orc warrior closely misses you.
You sock something!
Reactivating autopickup.
You feel a bit more experienced.
The orc warrior hits you with a +0 dire flail!
* * * LOW HITPOINT WARNING * * *
Your Maces & Flails skill increases to level 5!
You barely miss the orc warrior.
The orc warrior is lightly wounded.
The endoplasm freezes you.
You are frozen.
* * * LOW HITPOINT WARNING * * *
The orc warrior hits you with a +0 dire flail!
You die...

##...... ##.# ###...###.
...# [........ #..#
##...#### ##..## ##.## #
.... #.###...#### #..#
#.<......... #oJ#
#####...#### #.####@$#
............
#........#######.###....
#....<...........#.#)...
#.#######.######........
#.# #........ #.#
###.##### #.# #.# ..#
#.# .## #.#


You could see an orc warrior and an endoplasm.

Vanquished Creatures
  An orc wizard (D:4)
  5 adders
  A gnoll (D:1)
  4 worms
  A dart slug (D:1)
  3 orcs
  4 bats
  5 endoplasms
  4 giant cockroaches
  7 hobgoblins
  5 jackals
  2 quokkas
  6 ball pythons
  2 frilled lizards (D:1)
  9 goblins
  5 kobolds
  9 rats
73 creatures vanquished.

Notes
Turn   | Place    | Note
-------+----------+-------------------------------------------
     0 | D:1      | Jase the Armataur Fighter began the quest for the Orb.
     0 | D:1      | Reached XP level 1. HP: 19/19 MP: 1/1
    37 | D:1      | Reached skill level 2 in Maces & Flails
   131 | D:1      | Reached XP level 2. HP: 26/26 MP: 2/2
   257 | D:1      | Reached skill level 3 in Maces & Flails
   364 | D:1      | Reached XP level 3. HP: 30/32 MP: 3/3
   903 | D:2      | Found a faded altar of an unknown god.
   971 | D:2      | Reached XP level 4. HP: 39/39 MP: 4/4
  1002 | D:2      | Reached skill level 4 in Maces & Flails
  1207 | D:2      | Found Hudupn's Weapon Shop.
  1583 | D:2      | Found a runed translucent door.
  1584 | D:2      | Noticed Crazy Yiuf
  2136 | D:3      | Reached XP level 5. HP: 44/44 MP: 5/5
  2320 | D:4      | Found a shimmering altar of Xom.
  2322 | D:4      | Found a hazy altar of Hepliaklqana.
  2323 | D:4      | Noticed a spectral ugly thing
  2375 | D:4      | Identified the ring "Buskotsiwn" {rC+ Int+4}
  2383 | D:4      | Noticed an orc warrior
  2391 | D:4      | Reached skill level 5 in Maces & Flails
  2391 | D:4      | Slain by an orc warrior

Illustrated notes

Levels and vault maps discovered:
D:1:      mrwooster_arrival_arrow, layout_basic, minmay_misc_feat_pillars
D:2:      layout_basic, shapermc_ecumenical_altar_venn, serial_shops,
          nicolae_shop_statue_plus, uniq_crazy_yiuf_cottage
D:3:      layout_loops_ring
D:4:      layout_loops_ring, regret_index_temple_of_mockery

Skill      XL: |  1  2  3  4  5 |
---------------+----------------+-----
Maces & Flails | 2 3 4 5 |  5.1
Fighting       | |  2.6
Armour         | |  3.6
Shields        | |  3.2

Action                   |  1- 3 |  4- 6 || total
-------------------------+-------+-------++-------
Melee: Flail             |   114 |   116 ||   230
       Tailslap          |     7 |     9 ||    16
Armor: Scale mail        |    64 |    82 ||   146
Dodge: Dodged            |    45 |    46 ||    91

Table legend: (Time is in decaauts)
 A = Elapsed time spent in this place.
 B = Non-inter-level travel time spent in this place.
 C = Inter-level travel time spent in this place.
 D = Time resting spent in this place.
 E = Time spent auto-exploring this place.
 F = Levels seen in this place.
 G = Mean time per level.
                   A        B        C        D        E       F      G
               +--------+--------+--------+--------+--------+-----+--------+
         Total |   2438 |   2370 |     68 |    130 |   1697 |   4 |  609.5 |
       Dungeon |   2438 |   2370 |     68 |    130 |   1697 |   4 |  609.5 |
               +--------+--------+--------+--------+--------+-----+--------+

Top non-repeatable levels by time:
     D:1: 891 daAuts
     D:2: 762 daAuts
     D:3: 679 daAuts
     D:4: 105 daAuts
